 Dungeon Crawl Stone Soup version 0.27-a0-223-ge082b6e869 (webtiles) character file.

Game seed: 3637781269351095134

454935 Borgoz the Warrior (level 24, -1/226 HPs)
             Began as a Ghoul Gladiator on Jan 31, 2021.
             Was the Champion of Ashenzari.
             Killed by the air
             ... invoked by a titan
              (37 damage)
             ... on level 4 of the Vaults on Feb 1, 2021.
             The game lasted 02:17:00 (62202 turns).

Borgoz the Warrior (Ghoul Gladiator)               Turns: 62202, Time: 02:17:00

Health: -1/226     AC: 46    Str: 29    XL:     24   Next: 37%
Magic:  0/29       EV: 19    Int: 11    God:    Ashenzari [******]
Gold:   1756       SH:  0    Dex: 21    Spells: 28/33 levels left

rFire    + . .     SeeInvis +   a - +5 triple sword (vorpal) (curse)
rCold    + + +     Faith    .   (shield currently unavailable)
rNeg     + + +     Spirit   +   N - +10 gold dragon scales (curse)
rPois    ∞         Reflect  .   m - +2 hat "Waepsoesch" {rC+++ Regen+ Stlth-}
rElec    .         Harm     .   k - +2 cloak {rCorr} (curse)
rCorr    +         Rampage  .   s - +1 pair of gloves of Hubris {Int+2 Dex+4} (curse)
Will     ++...     Clarity  +   p - +2 pair of boots {Fly} (curse)
Stlth    ..........             G - amulet "Lisu" {Spirit Str+2 Int+5 Stlth+} (curse)
HPRegen  0.00/turn              C - ring of willpower
MPRegen  0.21/turn              y - +6 ring of strength

@: marked, flying
A: claws 1, cold resistance 1, negative energy resistance 3, inhibited
regeneration, torment resistance, unbreathing
}: 2/15 runes: decaying, serpentine
a: Stop Flying, Renounce Religion, Curse Item, Scrying, Transfer Knowledge


You were on level 4 of the Vaults.
You worshipped Ashenzari.
Ashenzari was exalted by your worship.
You visited 8 branches of the dungeon, and saw 40 of its levels.
You visited 1 bazaar.
You also visited: Ossuary, Bailey, Gauntlet, Ice Cave and Volcano.

You collected 6560 gold pieces.
You spent 4804 gold pieces at shops.

Inventory:

Hand Weapons
 a - a cursed +5 vorpal triple sword (weapon)
Missiles
 c - a throwing net (quivered)
Armour
 k - a cursed +2 cloak of preservation (worn)
 m - the +2 hat "Waepsoesch" (worn) {rC+++ Regen+ Stlth-}
   (You found it on level 3 of the Vaults)

   It renders you almost immune to cold.
   It increases your rate of regeneration.
   It makes you less stealthy.
 p - a cursed +2 pair of boots of flying (worn)
 s - the cursed +1 pair of gloves of Hubris (worn) {Int+2 Dex+4}
   (You found it in a Gauntlet)

   It affects your intelligence (+2).
   It affects your dexterity (+4).
   It has a curse placed upon it.
 N - cursed +10 gold dragon scales (worn)
Jewellery
 y - a +6 ring of strength (right hand)
 C - a ring of willpower (left hand)
 G - the cursed amulet "Lisu" (around neck) {Spirit Str+2 Int+5 Stlth+}
   (You took it off a yaktaur on level 2 of the Vaults)

   [amulet of guardian spirit]

   It causes incoming damage to be split between your health and magic.
   It affects your strength (+2).
   It affects your intelligence (+5).
   It makes you more stealthy.
   It has a curse placed upon it.
Wands
 e - a wand of mindburst (26)
 f - a wand of iceblast (37)
 z - a wand of paralysis (6)
 A - a wand of digging (18)
 B - a wand of flame (180)
 M - a wand of acid (44)
Scrolls
 b - a scroll of identify
 h - 13 scrolls of magic mapping
 j - 14 scrolls of teleportation
 l - 4 scrolls of fear
 o - a scroll of summoning
 q - 6 scrolls of fog
 t - 6 scrolls of blinking
 u - 14 scrolls of remove curse
 H - a scroll of silence
Potions
 n - 8 potions of ambrosia
 r - 8 potions of cancellation
 w - 11 potions of haste
 x - 8 potions of resistance
 D - 4 potions of might
 I - 11 potions of heal wounds
 L - 11 potions of curing


   Skills:
 * Level 20.8 Fighting
 * Level 18.0(22.9) Long Blades
 - Level 1.7 Throwing
 * Level 17.9(21.6) Armour
 * Level 18.0 Dodging
 - Level 5.0 Stealth
 - Level 4.0 Shields
 - Level 5.0 Spellcasting
 + Level 7.7 Hexes
 - Level 8.0 Translocations
 - Level 6.0 Evocations


You had 28 spell levels left.
You knew the following spells:

 Your Spells              Type           Power        Failure   Level
a - Confusing Touch       Hex            19%          26%         3
b - Blink                 Tloc           N/A          11%         2

Your spell library contained the following spells:

 Spells                   Type           Power        Failure   Level
 Apportation              Tloc           40%          8%          1
 Corona                   Hex            21%          9%          1
 Slow                     Hex            19%          13%         2
 Gell's Gravitas          Tloc           10%          22%         3
 Portal Projectile        Hex/Tloc       40%          24%         3
 Passage of Golubria      Tloc           N/A          58%         4
 Cause Fear               Hex            9%           63%         4
 Dazzling Flash           Conj/Hex       22%          77%         3
 Summon Guardian Golem    Hex/Summ       11%          77%         3
 Animate Skeleton         Necr           4%           89%         1
 Magic Dart               Conj           8%           89%         1
 Pain                     Necr           8%           89%         1
 Summon Small Mammal      Summ           8%           89%         1
 Call Imp                 Summ           2%           96%         2
 Passwall                 Tmut/Erth      1%           96%         2
 Searing Ray              Conj           4%           96%         2
 Swiftness                Air            2%           96%         2
 Iskenderun's Mystic Bla  Conj/Tloc      11%          98%         4
 Call Canine Familiar     Summ           2%           99%         3
 Conjure Flame            Conj/Fire      2%           99%         3
 Mephitic Cloud           Conj/Pois/Air  2%           99%         3
 Vampiric Draining        Necr           1%           99%         3
 Fulminant Prism          Conj/Hex       5%           99%         4
 Leda's Liquefaction      Hex/Erth       5%           99%         4
 Animate Dead             Necr           1%           100%        4
 Petrify                  Tmut/Erth      2%           100%        4
 Summon Ice Beast         Ice/Summ       2%           100%        4
 Summon Lightning Spire   Summ/Air       2%           100%        4
 Agony                    Necr           2%           100%        5
 Alistair's Intoxication  Tmut/Pois      1%           100%        5
 Bolt of Magma            Conj/Fire/Erth 1%           100%        5
 Irradiate                Conj/Tmut      1%           100%        5
 Iskenderun's Battlesphe  Conj           2%           100%        5
 Lee's Rapid Deconstruct  Erth           1%           100%        5
 Metabolic Englaciation   Hex/Ice        5%           100%        5
 Silence                  Hex/Air        5%           100%        5
 Yara's Violent Unravell  Hex/Tmut       5%           100%        5
 Conjure Ball Lightning   Conj/Air       1%           100%        6
 Dispersal                Tloc           10%          100%        6
 Eringya's Noxious Bog    Tmut/Pois      1%           100%        6
 Invisibility             Hex            19%          100%        6
 Iron Shot                Conj/Erth      1%           100%        6
 Orb of Destruction       Conj           1%           100%        7
 Spellforged Servitor     Conj/Summ      1%           100%        7
 Discord                  Hex            9%           100%        8
 Disjunction              Tloc           10%          100%        8
 Shatter                  Erth           1%           100%        9
 Tornado                  Air            1%           100%        9
 Beastly Appendage        Tmut           Unusable     N/A         1
 Blade Hands              Tmut           Unusable     N/A         5
 Hydra Form               Tmut           Unusable     N/A         6
 Statue Form              Tmut/Erth      Unusable     N/A         6
 Dragon Form              Tmut           Unusable     N/A         7

Dungeon Overview and Level Annotations

Branches:
Dungeon (15/15)            Temple (1/1) D:6            Lair (6/6) D:10
  Swamp (4/4) Lair:3        Snake (4/4) Lair:2        Slime (0/5) Lair:6
    Orc (2/2) D:11            Elf (3/3) Orc:2        Vaults (4/5) D:14
  Crypt (0/3) Vaults:2     Depths (0/5) D:15        Ossuary (visited)
 Bailey (visited)           IceCv (visited)         Volcano (visited)
Gauntlet (visited)

Altars:
Ashenzari
Cheibriados
Dithmenos
Elyvilon
Fedhas
Gozag
Hepliaklqana
Kikubaaqudgha
Makhleb
Nemelex Xobeh
Okawaru
Qazlal
Ru
Sif Muna
Trog
Uskayaw
Vehumet
Wu Jian
Xom
Yredelemnul
Zin
The Shining One

Shops:
D:7 :   D:8 [   D:13 !   D:15 }   Orc:1 [   Orc:2 :[!!:   Elf:2 :   Vaults:1 !
Vaults:2 :   Vaults:4 *

Portals:
Pandemonium: Orc:2
Trove: D:11 (give 7 scrolls of fog)


Innate Abilities, Weirdness & Mutations

You thrive by killing the living.
You are immune to poison.
You have sharp fingernails.
Your flesh is cold resistant. (rC+)
You are immune to negative energy. (rN+++)
You do not regenerate when monsters are visible.
You are immune to unholy pain and torment.
You can survive without breathing.


Message History

The bolt of lightning hits you!!
* * * LOW HITPOINT WARNING * * *
The titan completely misses you.
You riposte.
You cut the titan into ribbons!!!
You kill the titan!
The titan hits you but does no damage.
Items here: $ ) ? [.
You barely miss the titan.
The titan waves its arms in wide circles.
The air twists around and violently strikes you in flight!!
* * * LOW HITPOINT WARNING * * *
You slice the titan!!
The titan is lightly wounded.
The titan hits you but does no damage.
You hit the titan.
The titan is moderately wounded.
You slash the titan!
The titan is moderately wounded.
The titan waves its arms in wide circles.
The air twists around and violently strikes you in flight!!!
You die...

....#.......#.....#..............
....#.#######.###.#..............
....#...#.#[#..)#.#..............
....#.###.#.#.###.#...........###
....'..........[#.########....#..
....#.#.#.....###.##.....#....#..
....#.#.#..<..#)..##.....#....#..
....#.###.....######..#..##...#..
....#)..#.[.....@.#...#...#...#..
....'.###.#.#####C#>..#..<#...#..
....#.#...#.#.#.#.'...#...'...'..
....#####.###.#.#.##..#..##...#..
....'.......#.....##.....#....###
....################.....#.......
...................#######.......
.................................
.................................


You could see a titan.

Vanquished Creatures
  A dread lich (Vaults:4)
  2 ancient liches (Vaults:5)
  Vashnia (Snake:3)
  Margery (Vaults:3)
  Saint Roka (Snake:3)
  A golden dragon (Vaults:4)
  The ghost of Inokk the Scorcher, an adept DgFE (Vaults:3)
  2 liches
  3 tentacled monstrosities (Vaults:3)
  2 deep elf master archers (Elf:3)
  3 deep elf blademasters
  The ghost of Juteq the Nimble, an adept GnGl of Makhleb (Vaults:2)
  5 titans
  A quicksilver dragon (Vaults:1)
  A shadow dragon (Vaults:4)
  3 sphinxes
  The ghost of Huteats the Covert, an adept VSFi of Uskayaw (Snake:4)
  6 nagarajas
  6 thorn hunters
  4 storm dragons
  A fenstrider witch (Swamp:1)
  2 deep elf sorcerers
  The ghost of End1zNear the Dwarven Aeon, a journeyman DDFi of Cheibriados (Swamp:4)
  Aizul (Elf:2)
  2 orc warlords (Vaults:1)
  4 frost giants
  2 cacodemons (Vaults:3)
  5 deep elf elementalists (Elf:3)
  10 vault wardens
  A fire giant (Vaults:4)
  9 ironheart preservers
  11 very ugly things
  2 war gargoyles
  7 deep elf demonologists
  8 stone giants
  Nessos (D:15)
  A dire elephant (D:15)
  8 bunyips
  Azrael (D:13)
  A minotaur (Gauntlet)
  The ghost of Quklius the Severer, a journeyman MiBe of Trog (Lair:1)
  9 deep elf annihilators
  3 eleionomae
  6 ettins
  8 deep elf death magi (Elf:3)
  A fire dragon (Lair:6)
  2 deep elf high priests
  19 naga warriors
  5 great orbs of eyes
  2 rakshasas
  Fannar (Lair:2)
  35 vault guards
  2 ice dragons
  7 yaktaur captains
  3 catoblepae
  Erolcha (D:9)
  4 ogre magi
  13 boulder beetles
  6 centaur warriors
  26 hydras
  13 anacondas
  2 ghost crabs (Swamp:3)
  17 two-headed ogres
  2 death knights
  4 death yaks
  8 alligators
  32 dancing weapons
  The ghost of Sousig the Blocker, a novice DrFi of Kikubaaqudgha (D:10)
  A deep troll earth mage (Vaults:4)
  2 deep troll shamans
  6 orc high priests (Orc:2)
  A hell hog (Gauntlet)
  Urug (D:13)
  23 naga sharpshooters
  A titan skeleton (Vaults:4)
  Sonja (Orc:1)
  Nergalle (Lair:2)
  A sun demon (Volcano)
  A storm dragon zombie (Vaults:4)
  6 hell knights
  10 shock serpents
  28 deep elf knights
  A sixfirhy (Orc:2)
  6 salamander mystics
  3 shadow wraiths
  3 goliath frogs
  7 deep trolls
  2 gelid demonspawn (Orc:2)
  A sea snake (shapeshifter) (Vaults:4)
  7 unseen horrors
  6 spriggan druids
  A flayed ghost (Vaults:1)
  4 glowing orange brains
  2 sea snakes (Snake:1)
  A swamp dragon (shapeshifter) (Vaults:4)
  7 naga ritualists
  9 deep elf archers
  2 wizards
  9 swamp dragons
  6 bog bodies
  25 deep elf zephyrmancers
  A harpy (Vaults:2)
  3 necromancers
  5 lindwurms
  18 orc knights
  35 deep elf pyromancers
  A sphinx zombie (Vaults:4)
  2 wolf spiders
  13 mana vipers
  8 ironbrand convokers
  9 oklob plants
  30 ugly things
  A wolf spider zombie (D:13)
  A will-o-the-wisp (Swamp:2)
  3 phantasmal warriors
  A manticore (shapeshifter) (Vaults:3)
  10 salamanders
  9 orc sorcerers
  3 slime creatures (Vaults:1)
  4 cyclopes
  2 spectral shock serpents (Snake:4)
  A salamander (shapeshifter) (Vaults:3)
  3 centaur zombies
  15 vault sentinels
  45 black mambas
  2 guardian serpents (shapeshifter)
  20 naga magi
  2 torpor snails (Lair:5)
  A rust devil (Orc:2)
  An eye of devastation (shapeshifter) (Vaults:4)
  17 elephants
  5 molten gargoyles
  A centaur skeleton (D:12)
  6 ice statues
  A smoke demon (Orc:2)
  12 guardian serpents
  3 cane toads (shapeshifter)
  2 eyes of devastation (Vaults:1)
  2 gargoyles
  16 cane toads
  A rime drake (shapeshifter) (Vaults:1)
  2 rime drakes
  18 yaktaurs
  7 freezing wraiths
  3 spectral nagas (Snake:4)
  3 anaconda simulacra
  A yaktaur (shapeshifter) (Vaults:2)
  8 kobold demonologists
  A hellwing (Orc:2)
  7 trolls
  A yaktaur skeleton (Vaults:4)
  3 meliai (D:15)
  15 komodo dragons
  2 meliai (shapeshifter)
  A golden dragon simulacrum (IceCv)
  A queen bee (Lair:1)
  4 polar bears
  Grinder (D:5)
  6 tyrant leeches
  A merfolk (D:15)
  A human simulacrum (Vaults:4)
  9 hornets
  A dream sheep (Lair:2)
  10 blink frogs
  A meliai zombie (D:14)
  2 centaur simulacra (D:15)
  A spectral black mamba (Snake:4)
  4 air elementals
  32 yaks
  A wraith (D:14)
  A yak (shapeshifter) (Elf:3)
  15 spriggans
  2 tarantellas (shapeshifter)
  6 wyverns
  2 dire elephant simulacra (IceCv)
  Sigmund (D:4)
  7 fire bats
  4 water elementals
  A human (shapeshifter) (Vaults:2)
  9 vampire mosquitoes
  5 fire elementals
  Grum (D:11)
  9 basilisks
  A neqoxec (Orc:2)
  3 steam dragons
  2 iron troll simulacra (IceCv)
  36 nagas
  8 wargs
  19 swamp worms
  2 hydra simulacra (IceCv)
  3 acid dragons
  20 water moccasins
  11 hell hounds
  7 swamp drakes
  An ice beast (shapeshifter) (Vaults:3)
  59 orc warriors
  9 ice beasts
  5 black bears
  A boulder beetle simulacrum (Vaults:2)
  A black bear (shapeshifter) (Vaults:3)
  2 sky beasts
  18 ogres
  3 phantoms
  2 hornet zombies (D:12)
  An eye of draining (D:14)
  3 necrophages
  6 wolves
  20 centaurs
  14 big kobolds
  2 elf zombies (D:6)
  20 bullfrogs
  2 earth elementals
  A salamander simulacrum (Snake:4)
  2 naga simulacra (Snake:4)
  A wyvern zombie (D:15)
  5 water moccasin zombies (Ossuary)
  2 scorpions
  31 wights
  21 killer bees
  A killer bee (shapeshifter) (Vaults:3)
  A howler monkey (D:13)
  4 electric eels
  2 bullfrog zombies
  2 quasits
  13 lava snakes
  3 human zombies (D:6)
  A gnoll shaman (Orc:2)
  Crazy Yiuf (D:6)
  3 bullfrog skeletons
  28 orc priests
  8 hounds
  6 iguanas
  2 jellies
  Ijyb (D:2)
  Natasha (thrice) (D:3)
  25 orc wizards
  3 human skeletons (D:6)
  20 worker ants
  5 hell rats (Lair:3)
  2 killer bee zombies
  4 big kobold zombies (Ossuary)
  A hound zombie (D:8)
  A hound skeleton (D:10)
  2 mummies (Ossuary)
  4 gnolls
  10 adders
  3 shadow imps
  2 white imps
  3 ufetubi
  An ooze (D:1)
  3 adder skeletons
  6 adder zombies
  6 worms (D:2)
  3 dart slugs
  6 leopard geckos
  115 orcs
  A ball python (D:6)
  12 giant cockroaches
  5 goblins
  A hobgoblin (shapeshifter) (Vaults:3)
  10 hobgoblins
  11 jackals
  8 quokkas
  6 bats
  6 frilled lizards
  4 gnoll zombies (Ossuary)
  2 hobgoblin zombies (Ossuary)
  16 kobolds
  6 kobold zombies (Ossuary)
  A leopard gecko skeleton (D:8)
  An orc skeleton (D:6)
  5 orc zombies
  A quokka skeleton (D:7)
  11 rats
  5 briar patches
1827 creatures vanquished.

Vanquished Creatures (others)
  An eleionoma (Swamp:2)
  A vault guard (Vaults:5)
  A salamander mystic (Snake:4)
  A goliath frog (Swamp:2)
  A guardian serpent (Snake:4)
  3 bloated husks
  A tyrant leech (Swamp:1)
  2 vampire mosquitoes (D:13)
  A floating eye (shapeshifter) (Vaults:5)
  A hornet zombie (D:13)
  An orc priest (Orc:2)
  2 orc wizards
  2 goblins (D:11)
  4 briar patches
  6 foxfires
  31 fungi
  112 plants
171 creatures vanquished.

Grand Total: 1998 creatures vanquished

Notes
Turn   | Place    | Note
-------+----------+-------------------------------------------
     0 | D:1      | Borgoz the Ghoul Gladiator began the quest for the Orb.
     0 | D:1      | Reached XP level 1. HP: 17/17 MP: 0/0
   253 | D:1      | Reached XP level 2. HP: 24/24 MP: 1/1
   601 | D:1      | Reached skill level 1 in Armour
  1008 | D:2      | Reached XP level 3. HP: 25/30 MP: 2/2
  1547 | D:2      | Reached XP level 4. HP: 37/37 MP: 3/3
  1898 | D:2      | Reached skill level 3 in Fighting
  2539 | D:3      | Noticed Ijyb
  2542 | D:3      | Paralysed by Ijyb for 7 turns
  2697 | D:3      | Paralysed by Ijyb for 3 turns
  2715 | D:2      | Paralysed by Ijyb for 3 turns
  2728 | D:2      | Killed Ijyb
  2729 | D:2      | Reached XP level 5. HP: 32/45 MP: 2/4
  3527 | D:3      | Noticed Natasha
  3537 | D:3      | Killed Natasha
  3770 | D:4      | Noticed an orc warrior
  3977 | D:3      | Reached XP level 6. HP: 31/52 MP: 3/5
  4445 | D:4      | Noticed Sigmund
  4462 | D:3      | Noticed Natasha
  4485 | D:3      | Killed Natasha
  4486 | D:3      | Reached skill level 1 in Stealth
  4666 | D:3      | Noticed Natasha
  4675 | D:3      | Killed Natasha
  4676 | D:3      | Reached skill level 4 in Fighting
  5086 | D:5      | Entered Level 5 of the Dungeon
  5115 | D:5      | Reached XP level 7. HP: 59/59 MP: 6/6
  5333 | D:5      | Noticed Grinder
  5355 | D:5      | Killed Grinder
  5667 | D:5      | Got a steaming dagger
  5668 | D:5      | Identified the +7 dagger of Bakith {flame, +Fly Str+2
                  | Int-2} (You found it on level 5 of the Dungeon)
  5753 | D:5      | Reached skill level 5 in Fighting
  5753 | D:5      | Reached XP level 8. HP: 68/68 MP: 7/7
  5870 | D:6      | Found a staircase to the Ecumenical Temple.
  5887 | D:6      | Reached skill level 5 in Long Blades
  5906 | Temple   | Entered the Ecumenical Temple
  5950 | Temple   | Became a worshipper of Ashenzari the Shackled
  6011 | D:6      | Reached skill level 5 in Dodging
  6259 | D:6      | Found a sand-covered staircase.
  6264 | Ossuary  | Entered an ossuary
  6385 | Ossuary  | Reached skill level 6 in Fighting
  6839 | D:6      | Reached XP level 9. HP: 72/75 MP: 8/8
  6887 | D:6      | Reached skill level 5 in Armour
  7177 | D:6      | Found a white marble altar of Elyvilon.
  7446 | D:6      | Found a runed translucent door.
  7447 | D:6      | Found a runed translucent door.
  7509 | D:6      | Found a runed translucent door.
  7510 | D:6      | Noticed Crazy Yiuf
  7685 | D:6      | Killed Crazy Yiuf
  7782 | D:6      | Reached skill level 7 in Fighting
  7782 | D:6      | Reached skill level 1 in Shields
  8416 | D:4      | Killed Sigmund
  9202 | D:7      | Reached XP level 10. HP: 63/88 MP: 6/9
  9309 | D:7      | Found Fievyun's Book Shop.
  9835 | D:7      | Reached * piety under Ashenzari
 10340 | D:8      | Found Tievisur's Armour Shop.
 10402 | D:8      | Found a hazy altar of Hepliaklqana.
 10476 | D:8      | Reached skill level 8 in Fighting
 11285 | D:9      | Noticed a two-headed ogre
 11508 | D:8      | Killed a two-headed ogre
 11554 | D:9      | Noticed a two-headed ogre
 11730 | D:8      | Killed a two-headed ogre
 12001 | D:9      | Identified the +3 robe of Disappointment {Slay+6}
 12001 | D:9      | Noticed Erolcha
 12027 | D:9      | Killed Erolcha
 12028 | D:9      | Reached skill level 9 in Fighting
 12028 | D:9      | Reached XP level 11. HP: 42/97 MP: 4/10
 12466 | D:9      | Noticed a boulder beetle
 12486 | D:9      | Killed a boulder beetle
 12826 | D:10     | Entered Level 10 of the Dungeon
 12840 | D:10     | Reached ** piety under Ashenzari
 13344 | D:10     | Killed an unseen horror
 13633 | D:10     | Found a staircase to the Lair.
 13637 | D:10     | Noticed a two-headed ogre
 13648 | D:10     | Killed a two-headed ogre
 13838 | D:10     | Found a runed translucent gate.
 13838 | D:10     | Found a runed translucent gate.
 13838 | D:10     | Found a runed translucent gate.
 13839 | D:10     | Identified the +7 whip of Sitranosch {venom, rElec}
 13839 | D:10     | Noticed Sousig's ghost (novice DrFi)
 14390 | D:11     | Found a portal to a secret trove of treasure.
 14409 | D:11     | Noticed a two-headed ogre
 14460 | D:11     | Found a flagged portal.
 14522 | Bailey   | Entered a bailey
 14812 | Bailey   | Learned a level 2 spell: Blink
 15017 | Bailey   | Reached skill level 10 in Fighting
 15618 | D:11     | Found a staircase to the Orcish Mines.
 15811 | D:11     | Reached XP level 12. HP: 103/106 MP: 8/11
 15847 | D:11     | Noticed Grum
 15863 | D:11     | Killed Grum
 15994 | D:11     | Killed a two-headed ogre
 16032 | D:11     | Noticed a boulder beetle
 16078 | D:11     | Killed a boulder beetle
 16877 | D:12     | Reached skill level 1 in Evocations
 17465 | D:13     | Reached skill level 11 in Fighting
 17592 | D:13     | Found Wuecoxt's Distillery.
 17813 | D:13     | Noticed a sun demon
 17938 | D:13     | Noticed a two-headed ogre
 17938 | D:13     | Noticed a two-headed ogre
 17938 | D:13     | Noticed a two-headed ogre
 17938 | D:13     | Noticed an ogre mage
 17938 | D:13     | Noticed a two-headed ogre
 17950 | D:13     | Killed a two-headed ogre
 17966 | D:13     | Killed a two-headed ogre
 17967 | D:13     | Reached skill level 10 in Dodging
 17968 | D:13     | Killed an ogre mage
 17969 | D:13     | Reached skill level 10 in Long Blades
 17969 | D:13     | Reached XP level 13. HP: 46/116 MP: 4/12
 18214 | D:13     | Noticed Azrael
 18226 | D:13     | HP: 1/117 [Azrael/+2 scimitar of flaming (7)]
 18666 | D:13     | Noticed Urug
 18681 | D:13     | Killed Urug
 18853 | D:13     | Reached *** piety under Ashenzari
 19198 | Lair:1   | Entered Level 1 of the Lair of Beasts
 19203 | Lair:1   | Reached skill level 10 in Armour
 19531 | Lair:1   | Found a runed translucent door.
 19532 | Lair:1   | Noticed Quklius's ghost (journeyman MiBe)
 19572 | Lair:1   | Killed Quklius's ghost
 19573 | Lair:1   | Reached skill level 12 in Fighting
 20167 | Lair:2   | Found a staircase to the Snake Pit.
 20270 | Lair:2   | Found a dark tunnel.
 20290 | Volcano  | Entered a volcano
 20594 | Volcano  | Found a bloodstained altar of Trog.
 21335 | Lair:2   | Noticed Nergalle
 21348 | Lair:2   | Killed Nergalle
 21725 | Lair:2   | Reached XP level 14. HP: 127/127 MP: 13/13
 22042 | Lair:2   | Noticed Fannar
 22338 | Lair:2   | Killed Fannar
 23127 | Lair:3   | Reached skill level 13 in Fighting
 23190 | Lair:3   | Reached **** piety under Ashenzari
 23264 | Lair:3   | Found a staircase to the Swamp.
 24339 | Lair:4   | Found a snail-covered altar of Cheibriados.
 24340 | Lair:4   | Identified the +1 longbow of Usotaet {flame, Dex+2}
 24360 | Lair:4   | Found a gate leading to a gauntlet.
 24372 | Lair:4   | Identified a scroll of acquirement
 24372 | Lair:4   | Acquired 446 gold pieces
 24508 | Lair:4   | Reached ***** piety under Ashenzari
 24577 | Gauntlet | Entered a Gauntlet
 24577 | Gauntlet | Found a transporter.
 24577 | Gauntlet | Found a transporter.
 24577 | Gauntlet | Found a runed translucent gate.
 24586 | Gauntlet | Found a transporter.
 24590 | Gauntlet | Found a transporter.
 24599 | Gauntlet | Found a transporter.
 24602 | Gauntlet | Found a transporter.
 24610 | Gauntlet | Found a transporter.
 24626 | Gauntlet | Found a transporter.
 24629 | Gauntlet | Identified the ring of Demauw {rF+ rN+ Int+2}
 24640 | Gauntlet | Found a transporter.
 24704 | Gauntlet | Found a runed translucent gate.
 24706 | Gauntlet | Found a transporter.
 24708 | Gauntlet | Found a runed translucent gate.
 24710 | Gauntlet | Found a transporter.
 24742 | Gauntlet | Found a transporter.
 24967 | Gauntlet | Reached skill level 5 in Evocations
 24985 | Gauntlet | Got the uncursed pair of gloves of Hubris {Int+2 Dex+4}
 24996 | Gauntlet | Identified the +1 pair of gloves of Hubris {Int+2 Dex+4}
                  | (You found it in a Gauntlet)
 25071 | Gauntlet | Identified the +7 battleaxe of Superiority {pain, *Drain
                  | +Fly rElec rN+}
 25072 | Gauntlet | Identified the +1 leather armour "Uffuin" {rPois rC+ Dex+8
                  | Stlth-}
 26003 | Lair:5   | Reached XP level 15. HP: 136/136 MP: 12/14
 26761 | Lair:6   | Entered Level 6 of the Lair of Beasts
 27091 | Lair:6   | Reached skill level 14 in Fighting
 28077 | Lair:6   | Found a large runed translucent door.
 28077 | Lair:6   | Found a large runed translucent door.
 28147 | Lair:6   | HP: 4/139 [molten gargoyle/+0 dire flail (6)]
 28828 | Lair:6   | Found a staircase to the Slime Pits.
 29452 | D:10     | Killed Sousig's ghost
 29604 | D:13     | Killed Azrael
 30163 | D:14     | Reached XP level 16. HP: 147/147 MP: 15/15
 30396 | D:14     | Found a gate to the Vaults.
 30466 | D:14     | Found a snail-covered altar of Cheibriados.
 30762 | D:15     | Entered Level 15 of the Dungeon
 30793 | D:15     | Reached skill level 15 in Fighting
 31103 | D:15     | Noticed Nessos
 31107 | D:15     | Killed Nessos
 31190 | D:15     | Found a staircase to the Depths.
 31742 | D:15     | Found Pyavikk's Gadget Emporium.
 32044 | Orc:1    | Entered Level 1 of the Orcish Mines
 32044 | Orc:1    | Found Suruag's Armour Shoppe.
 32168 | Orc:1    | Noticed Sonja
 32174 | Orc:1    | Killed Sonja
 32619 | Orc:2    | Entered Level 2 of the Orcish Mines
 32700 | Orc:2    | Found Aqexen's Book Boutique.
 32774 | Orc:2    | Found a staircase to the Elven Halls.
 32977 | Orc:2    | Found Det Raom's Distillery.
 32992 | Orc:2    | Found Ladeusho's Distillery.
 33232 | Orc:2    | Reached ****** piety under Ashenzari
 33815 | Orc:2    | Paralysed by an orc sorcerer for 5 turns
 34106 | Orc:2    | Found Tarphaciu's Antique Armour Shoppe.
 34106 | Orc:2    | Found a one-way gate leading to the halls of Pandemonium.
 34106 | Orc:2    | Found Hoive's Book Emporium.
 34112 | Orc:2    | Bought a shiny helmet for 255 gold pieces
 34249 | Orc:1    | Bought a +2 cloak of preservation for 215 gold pieces
 34249 | Orc:1    | Bought the +8 plate armour "Qidukh" {rN++ rCorr Slay+2} for
                  | 945 gold pieces
 34329 | Orc:2    | Bought a potion of heal wounds for 80 gold pieces
 34329 | Orc:2    | Bought a potion of might for 64 gold pieces
 34329 | Orc:2    | Bought a potion of heal wounds for 80 gold pieces
 34329 | Orc:2    | Bought a potion of heal wounds for 80 gold pieces
 34331 | Orc:2    | Bought 2 potions of haste for 300 gold pieces
 34331 | Orc:2    | Bought 2 potions of heal wounds for 150 gold pieces
 34331 | Orc:2    | Bought a potion of ambrosia for 120 gold pieces
 34331 | Orc:2    | Bought a potion of invisibility for 120 gold pieces
 34331 | Orc:2    | Bought a potion of heal wounds for 75 gold pieces
 34331 | Orc:2    | Bought a potion of heal wounds for 75 gold pieces
 34331 | Orc:2    | Bought a potion of curing for 45 gold pieces
 34374 | Orc:2    | Bought a book of Misfortune for 260 gold pieces
 34378 | Orc:2    | Learned a level 3 spell: Confusing Touch
 34511 | Swamp:1  | Entered Level 1 of the Swamp
 34531 | Swamp:1  | Reached XP level 17. HP: 157/157 MP: 16/16
 34887 | Swamp:1  | Paralysed by a fenstrider witch for 2 turns
 35296 | Swamp:2  | Reached skill level 1 in Hexes
 35297 | Swamp:2  | Reached skill level 1 in Translocations
 35304 | Swamp:2  | Reached skill level 1 in Spellcasting
 35708 | Swamp:2  | Found a snail-covered altar of Cheibriados.
 36342 | Swamp:2  | Reached skill level 16 in Fighting
 37168 | Swamp:4  | Entered Level 4 of the Swamp
 37298 | Swamp:4  | Found a runed translucent door.
 37301 | Swamp:4  | Identified the +9 hand axe "Seonwon" {vamp, *Drain rPois
                  | Str+3 Dex+7}
 37312 | Swamp:4  | Found the ring of Shadows {Umbra +Inv Stlth+}
 37312 | Swamp:4  | Noticed End1zNear's ghost (journeyman DDFi)
 37337 | Swamp:4  | Killed End1zNear's ghost
 37565 | Swamp:4  | Reached XP level 18. HP: 106/166 MP: 9/20
 37729 | Swamp:4  | Got a decaying rune of Zot
 38576 | Elf:1    | Entered Level 1 of the Elven Halls
 39377 | Elf:1    | Reached skill level 5 in Stealth
 40494 | Vaults:1 | Entered Level 1 of the Vaults
 40960 | Vaults:1 | Found Lerchodd's Distillery.
 41250 | Vaults:1 | Reached skill level 17 in Fighting
 41250 | Vaults:1 | Reached XP level 19. HP: 142/177 MP: 19/23
 42187 | Vaults:1 | Identified the +1 ring mail of the Onion {Dex+2}
 43358 | Vaults:2 | Reached skill level 5 in Translocations
 43390 | Vaults:2 | Reached skill level 15 in Long Blades
 43483 | Vaults:2 | Reached skill level 15 in Dodging
 43898 | Vaults:2 | Found a runed translucent door.
 43926 | Vaults:2 | Reached skill level 5 in Hexes
 44037 | Vaults:2 | Reached skill level 15 in Armour
 44202 | Vaults:2 | Found a staircase to the Crypt.
 44202 | Vaults:2 | Found a basalt altar of Yredelemnul.
 44206 | Vaults:2 | Found an ancient bone altar of Kikubaaqudgha.
 44314 | Vaults:2 | Found Ivocam's Book Emporium.
 44348 | Vaults:2 | Identified the amulet "Lisu" {Spirit Str+2 Int+5 Stlth+}
 44372 | Vaults:2 | Reached skill level 5 in Spellcasting
 44833 | Vaults:2 | Noticed Juteq's ghost (adept GnGl)
 44852 | Vaults:2 | Killed Juteq's ghost
 44993 | Vaults:2 | Identified the Volume of Moulding
 45081 | Vaults:2 | Reached XP level 20. HP: 165/187 MP: 23/26
 45171 | Vaults:3 | Noticed Margery
 45205 | Vaults:3 | Killed Margery
 45384 | Vaults:3 | Found a gateway to a bazaar.
 45390 | Bazaar   | Entered a bazaar
 45405 | Bazaar   | Found Tem Hec's Magic Scroll Shop.
 45410 | Bazaar   | Bought a scroll of brand weapon for 280 gold pieces
 45410 | Bazaar   | Bought a scroll of blinking for 105 gold pieces
 45410 | Bazaar   | Bought a scroll of teleportation for 42 gold pieces
 45427 | Bazaar   | Found Luyxzen's General Store.
 45432 | Bazaar   | Bought a potion of ambrosia for 80 gold pieces
 45432 | Bazaar   | Bought a potion of heal wounds for 50 gold pieces
 45432 | Bazaar   | Bought +1 gold dragon scales for 870 gold pieces
 45453 | Bazaar   | Found Biemnemm's Armour Shop.
 45453 | Bazaar   | Found Xuzupi's Assorted Antiques.
 45493 | Bazaar   | Bought a scroll of enchant weapon for 105 gold pieces
 45493 | Bazaar   | Bought a scroll of remove curse for 42 gold pieces
 45493 | Bazaar   | Bought a scroll of remove curse for 42 gold pieces
 45515 | Bazaar   | Bought 3 scrolls of remove curse for 324 gold pieces
 46723 | Vaults:3 | Found a runed translucent gate.
 46724 | Vaults:3 | Found a runed translucent gate.
 46724 | Vaults:3 | Found a runed translucent gate.
 46819 | Vaults:3 | Identified the +5 dagger "Roxadi" {protect, *Noise rF+
                  | Str+4 Dex+3}
 47002 | Vaults:3 | Reached skill level 18 in Fighting
 47013 | Vaults:3 | Found a hide-covered altar of Uskayaw.
 47998 | Vaults:3 | Found a runed translucent gate.
 47998 | Vaults:3 | Found a runed translucent gate.
 48000 | Vaults:3 | Found a runed translucent gate.
 48006 | Vaults:3 | Noticed Inokk's ghost (adept DgFE)
 48116 | Vaults:3 | Paralysed by a floating eye for 3 turns
 48121 | Vaults:3 | Killed Inokk's ghost
 48436 | Vaults:3 | Got the uncursed hat "Waepsoesch" {rC+++ Regen+ Stlth-}
 48462 | Vaults:3 | Identified the +2 hat "Waepsoesch" {rC+++ Regen+ Stlth-}
                  | (You found it on level 3 of the Vaults)
 48902 | Vaults:4 | Found Dotakone's Assorted Antiques.
 49808 | Vaults:5 | Entered Level 5 of the Vaults
 49823 | Vaults:4 | Reached XP level 21. HP: 161/195 MP: 23/27
 49998 | Vaults:4 | Paralysed by a sphinx for 6 turns
 51245 | Elf:2    | Found Aboafell's Book Shop.
 51380 | Elf:2    | Found a huge runed translucent gate.
 51380 | Elf:2    | Found a huge runed translucent gate.
 51380 | Elf:2    | Found a huge runed translucent gate.
 51380 | Elf:2    | Found a huge runed translucent gate.
 51380 | Elf:2    | Found a huge runed translucent gate.
 51506 | Elf:2    | Noticed Aizul
 51516 | Elf:2    | Killed Aizul
 52007 | Elf:2    | Reached skill level 19 in Fighting
 52487 | Elf:3    | Entered Level 3 of the Elven Halls
 53412 | Elf:3    | Identified the +2 robe of the Slug {Will++ Slay+2}
 53416 | Elf:3    | Identified the ring "Wuosue" {rPois rC++ Str+3 Stlth+}
 53418 | Elf:3    | Identified the +3 great mace of Koyffiec {drain, rF- Dex+7}
 53547 | Elf:3    | Reached XP level 22. HP: 83/206 MP: 14/28
 53773 | Elf:3    | Identified the cursed +0 ice dragon scales of Autumn {rF-
                  | rC++ Will- rCorr Str+4}
 54386 | Elf:3    | Identified the +2 barding of the Nexus {Harm Str+2 Int+6
                  | Dex-3}
 54431 | Elf:3    | Identified the ring of Elyvilon's Whim {EV+4 Stlth+}
 54801 | Snake:1  | Entered Level 1 of the Snake Pit
 54849 | Snake:1  | Found a frozen archway.
 54864 | IceCv    | Entered an ice cave
 56688 | Snake:3  | Noticed Saint Roka
 56728 | Snake:3  | Killed Saint Roka
 57352 | Snake:3  | Identified the +0 pair of gloves of the Tormentor {Str+2
                  | Int+3}
 57511 | Snake:3  | Noticed Vashnia
 57535 | Snake:3  | Killed Vashnia
 57711 | Snake:4  | Entered Level 4 of the Snake Pit
 58187 | Snake:4  | Found a hazy altar of Hepliaklqana.
 58366 | Snake:4  | Found a runed translucent gate.
 58366 | Snake:4  | Found a runed translucent gate.
 58366 | Snake:4  | Found a runed translucent gate.
 58366 | Snake:4  | Noticed Huteats's ghost (adept VSFi)
 58370 | Snake:4  | Reached XP level 23. HP: 163/215 MP: 21/29
 58455 | Snake:4  | Killed Huteats's ghost
 58717 | Snake:4  | Reached skill level 20 in Fighting
 60328 | Snake:4  | Got a serpentine rune of Zot
 60854 | Vaults:4 | Upgraded the game from 0.27-a0-203-gd48b2df3c9 to
                  | 0.27-a0-223-ge082b6e869
 60856 | Vaults:5 | Noticed a golden dragon
 60969 | Vaults:4 | Killed a golden dragon
 61330 | Vaults:5 | Noticed a dread lich
 61333 | Vaults:5 | Noticed an ancient lich
 61350 | Vaults:4 | Killed a dread lich
 61534 | Vaults:5 | Killed an ancient lich
 61724 | Vaults:5 | Reached XP level 24. HP: 192/225 MP: 25/29
 61876 | Vaults:5 | Noticed an ancient lich
 61891 | Vaults:5 | Killed an ancient lich
 62202 | Vaults:4 | Killed from afar by a titan

Illustrated notes

Levels and vault maps discovered:
D:1:      giann_horns, layout_basic
D:2:      layout_basic, minmay_indecisive_spiral
D:3:      layout_basic, uniq_natasha, uniq_ijyb
D:4:      kennysheep_spiral_hall, layout_cave_pools, uniq_sigmund
D:5:      layout_loops_cross, uniq_grinder
D:6:      lemuel_insect_pit, layout_loops_ring, elyvilon_altar_5,
          minmay_temple_entry_large_hall, nicolae_ossuary_entry_catacombs,
          uniq_crazy_yiuf_cottage
D:7:      layout_basic, serial_shops, shop, minmay_manual_mares
D:8:      kennysheep_six_static_rooms, layout_cave_pools, basic_altar,
          serial_shops, shop_fountains, minmay_fractal_squares_diagonal_5
D:9:      layout_cross, hangedman_abyss_or_decor_clamps, st_stairs_4,
          minmay_misc_feat_alley, uniq_erolcha
D:10:     layout_small_grid, dpeg_oklobed_lair, gammafunk_ghost_nasty_kobolds,
          hex_tiny, bh_walls_and_bars
D:11:     layout_loops_ring, orc_0_dummy, nicolae_trove_entry_isolated,
          enter_bailey_5, uniq_grum
D:12:     layout_roguey
D:13:     layout_roguey, serial_shops, nicolae_shop_crystal, uniq_azrael,
          uniq_urug
D:14:     layout_basic, david_vaults_5, cheibriados_altar_1
D:15:     hangedman_depths_entry_try_elsewhere_first, layout_basic,
          serial_shops, shop, uniq_nessos
Temple:   nicolae_temple_the_god_donut
Lair:1:   layout_misc_corridors, special_room [special_room_bee],
          gammafunk_ghost_grave, lemuel_fruit_fields, grunt_megastairs_5
Lair:2:   nzn_winding_woodlands_stair_cross
          [nzn_winding_woodlands_5x15_split_checker,
          nzn_winding_woodlands_center_lodge,
          nzn_winding_woodlands_5x15_sidewinder,
          nzn_winding_woodlands_5x5_open_star,
          nzn_winding_woodlands_5x5_checkerboard,
          nzn_winding_woodlands_5x15_twine, nzn_winding_woodlands_center_garden,
          nzn_winding_woodlands_5x15_zeroes], layout_loops_ring,
          nicolae_volcano_entry_batcave, lemuel_fruit_tree,
          serial_bayou_shore_a, serial_bayou_shore_b, uniq_fannar, uniq_nergalle
Lair:3:   minmay_lair_oklob_tunnel, layout_regular_city, swamp_mist_pool,
          grunt_megastairs_4
Lair:4:   layout_regular_city, gauntlet_entry_generic, basic_altar,
          serial_bayou_shore_b
Lair:5:   layout_gridlike
Lair:6:   cheibrodos_lair_end_hotspot, layout_cave_pods,
          minmay_slime_entry_oklob_enclosed
Swamp:1:  layout_falls_marsh, serial_swamp_ruin, evilmike_swamp_ruin_rubble_1,
          evilmike_swamp_ruin_wall
Swamp:2:  layout_basic_swamp, nicolae_swamp_dense_foliage, swamp_pool1,
          nicolae_swamp_godswood
Swamp:3:  layout_falls_marsh, hangedman_swamp_pad, swamp_pool1,
          infiniplex_staircase_pool
Swamp:4:  swamp_alternative, layout_basic_swamp, ebering_ghost_reflecting_pool,
          nicolae_swamp_spriggan_camp
Snake:1:  layout_onion, special_room, portal_ice_cave_entry_ice_statue_one,
          serial_bayou_lagoon_a
Snake:2:  layout_cave_town
Snake:3:  layout_misc_corridors, uniq_vashnia, uniq_saint_roka
Snake:4:  snake_pit_salamanders_mu, layout_chambers, gammafunk_ghost_necromancy,
          lemuel_oklob_altar
Orc:1:    layout_diamond_mine, serial_shops, shop_fountains, uniq_sonja
Orc:2:    pf_orc_diabolical, layout_caves, guppyfry_orc_lava_fort
Elf:1:    layout_onion_city, hangedman_elven_crosses_minicolossus
Elf:2:    layout_onion_city, serial_shops, shop, kilobyte_rumbling_trees,
          uniq_aizul
Elf:3:    grunt_elf_hall_branching, layout_geoelf_grid, minivault_14
Vaults:1: v_misc_14, vaults_room_fours, ontoclasm_vaults_spin, v_alt_pattern_6,
          ontoclasm_vaults_ring_small, st_greater_box_1, hangedman_vaults_snaps,
          v_alt_pattern_6, ontoclasm_vaults_bender,
          nicolae_vaults_big_angled_halls, v_alt_pattern_5,
          nicolae_vaults_little_squares_3, v_misc_17, nicolae_vaults_rhombus_5,
          nicolae_vaults_gold_heap, layout_vaults_omnicross, serial_shops, shop
Vaults:2: ebering_vaults_ghost_reflecting_pool, nicolae_vaults_shelves_hall,
          hangedman_vaults_nodes, v_alt_pattern_6, v_misc_17,
          hangedman_vaults_nails, st_lines, vaults_dpeg_hooks,
          minmay_crypt_entry_necro_gods, nicolae_vaults_triangles,
          vaults_standard_mumra_lines, nicolae_vaults_bisected_exclaves,
          nicolae_vaults_circle_grid_b, nicolae_vaults_specimen_jars,
          layout_vaults_maze, serial_shops, shop
Vaults:3: ploomutoo_gammafunk_vaults_ghost_potion_laboratory,
          vaults_room_hallway, st_smaller_cells,
          ontoclasm_vaults_claustrophobia, vaults_room_ringed_pool, v_misc_32,
          vaults_dpeg_encased_lava, nicolae_vaults_yaktaur_gun_rack,
          layout_vaults_omnigrid, basic_altar, serial_shops, bzr_entry_safe,
          uniq_margery
Vaults:4: ontoclasm_vaults_chip, v_alt_pattern_2, v_misc_17,
          nicolae_vaults_network_periphery, nicolae_vaults_hallways_thing,
          nicolae_vaults_ninety_degrees, ontoclasm_vaults_loading_screen,
          v_misc_14, vaults_room_stairs_pillars, hangedman_vaults_slice,
          layout_vaults_chaotic_city, serial_shops, nicolae_shop_crystal
Vaults:5: serial_shops

Skill      XL: |  1  2  3  4  5  6  7  8  9 10 11 12 13 14 15 16 17 18 19 20 21 22 23 24 |
---------------+-------------------------------------------------------------------------+-----
Long Blades    | 3 4 5 6 7 8 10 11 12 13 14 15 16 17 18 | 18.0
Armour         | 1 2 3 4 6 7 8 9 10 11 12 13 14 15 16 17 | 17.9
Dodging        | 3 4 5 6 7 8 10 11 12 13 14 15 16 17 18 | 18.0
Fighting       | 3 4 5 6 7 9 10 11 12 13 14 15 16 17 18 19 20 | 20.8
Stealth        | 1 4 5 |  5.0
Shields        | 1 3 4 |  4.0
Evocations     | 2 4 5 6 |  6.0
Hexes          | 2 4 5 6 7 |  7.7
Translocations | 2 4 5 6 7 8 |  8.0
Spellcasting   | 2 3 5 |  5.0
Throwing       | |  1.7

Action                   |  1- 3 |  4- 6 |  7- 9 | 10-12 | 13-15 | 16-18 | 19-21 | 22-24 || total
-------------------------+-------+-------+-------+-------+-------+-------+-------+-------++-------
Melee: Long sword        |    96 |    76 |   228 |   790 |   429 |       |       |       ||  1619
       Dagger            |       |   175 |   223 |       |       |       |       |       ||   398
       Great sword       |       |       |       |       |   640 |  1212 |   493 |       ||  2345
       Triple sword      |       |       |       |       |       |       |   722 |  1176 ||  1898
Throw: Throwing net      |       |     6 |     2 |       |       |       |       |       ||     8
 Cast: Blink             |       |       |       |       |       |       |       |     3 ||     3
Invok: Curse Item        |       |       |       |       |     2 |     3 |     4 |       ||     9
 Abil: Evoke Flight      |       |       |       |     4 |       |       |       |       ||     4
Evoke: Wand              |       |     2 |       |    35 |     7 |    11 |     1 |     2 ||    58
  Use: Scroll            |       |     1 |    10 |     7 |    23 |     4 |    16 |    11 ||    72
       Potion            |       |     1 |     2 |    10 |    11 |       |     7 |     2 ||    33
 Stab: Held in net/web   |       |     2 |       |       |       |       |       |       ||     2
       Paralysed         |       |     2 |       |    17 |     9 |       |       |       ||    28
       Distracted        |       |       |       |     1 |       |       |    11 |     1 ||    13
       Sleeping          |       |       |       |     3 |     4 |     2 |       |       ||     9
       Invisible         |       |       |       |       |     2 |       |     6 |       ||     8
       Petrifying        |       |       |       |       |       |     1 |       |       ||     1
Armor: Leather armour    |    20 |       |    38 |    39 |       |       |       |       ||    97
       Ring mail         |    21 |   110 |    65 |       |   258 |    84 |       |       ||   538
       Robe              |       |       |       |   124 |    41 |       |       |       ||   165
       Chain mail        |       |       |       |       |     1 |       |       |       ||     1
       Plate armour      |       |       |       |       |       |   442 |   236 |       ||   678
       Gold dragon scale |       |       |       |       |       |       |   586 |   968 ||  1554
Dodge: Dodged            |    55 |   161 |   260 |   615 |  1112 |  1006 |   882 |  1197 ||  5288
Block: Buckler           |       |       |    45 |   260 |   117 |       |       |       ||   422
       Rpst.: Long sword |    20 |    13 |    42 |   161 |    99 |       |       |       ||   335
       Great sword       |       |       |       |       |   168 |   206 |    90 |       ||   464
       Triple sword      |       |       |       |       |       |       |   135 |   224 ||   359

Table legend: (Time is in decaauts)
 A = Elapsed time spent in this place.
 B = Non-inter-level travel time spent in this place.
 C = Inter-level travel time spent in this place.
 D = Time resting spent in this place.
 E = Time spent auto-exploring this place.
 F = Levels seen in this place.
 G = Mean time per level.
                   A        B        C        D        E       F      G
               +--------+--------+--------+--------+--------+-----+--------+
         Total |  61257 |  56726 |   4531 |  13289 |  30297 |  46 | 1331.7 |
       Dungeon |  20848 |  18776 |   2072 |   4214 |  10898 |  15 | 1389.9 |
        Temple |     71 |     66 |      5 |      0 |      0 |   1 |   71.0 |
          Lair |   8913 |   8356 |    557 |   1707 |   5026 |   6 | 1485.5 |
         Swamp |   3816 |   3646 |    170 |    724 |   2223 |   4 |  954.0 |
     Snake Pit |   5341 |   5107 |    234 |    987 |   2822 |   4 | 1335.2 |
  Orcish Mines |   2481 |   2137 |    344 |    514 |   1004 |   2 | 1240.5 |
   Elven Halls |   5862 |   5559 |    303 |   1122 |   3087 |   3 | 1954.0 |
        Vaults |  10647 |   9804 |    843 |   2776 |   4859 |   5 | 2129.4 |
        Bazaar |    147 |    147 |      0 |      0 |     76 |   1 |  147.0 |
       Ossuary |    545 |    545 |      0 |    301 |     74 |   1 |  545.0 |
        Bailey |    968 |    968 |      0 |    423 |     91 |   1 |  968.0 |
      Ice Cave |    259 |    259 |      0 |     77 |      0 |   1 |  259.0 |
       Volcano |    844 |    844 |      0 |    325 |     66 |   1 |  844.0 |
      Gauntlet |    507 |    507 |      0 |    116 |     69 |   1 |  507.0 |
               +--------+--------+--------+--------+--------+-----+--------+

Top non-repeatable levels by time:
Vaults:1: 2777 daAuts
 Snake:4: 2733 daAuts
Vaults:3: 2728 daAuts
Vaults:4: 2672 daAuts
Vaults:2: 2153 daAuts
  Lair:6: 2093 daAuts
    D:13: 2087 daAuts
   Elf:3: 2031 daAuts
     D:2: 2022 daAuts
   Elf:2: 1983 daAuts
    D:10: 1919 daAuts
     D:3: 1913 daAuts
     D:8: 1899 daAuts
   Elf:1: 1848 daAuts
   Orc:2: 1795 daAuts
